Map: Temple of the Past

Players

NamroodTuo

  • Race: Zerg Zerg

OmiliO

  • Race: Terran Terran

VOD

Have the link to the VOD?

Description

Time

  • Played on: April 18, 2023, 4:15 a.m.
  • Length: 26:29
Show
View Real Time Build Order
Export as new Build Order

NamroodTuo Zerg 

Build Orders:  

Get SALT Encoding   

  12  0:19  Infested Barracks  
  12  0:26  Infested SCV  
  13  0:32  Infested SCV  
  14  0:40  Infested SCV  
  15  1:00  Overlord  
  15  1:21  Infestation Level 1  
  15  1:34  Infested SCV  
  15  1:35  Infested SCV x2  
  18  1:47  Infested Refinery  
  18  1:48  Infested SCV  
  19  1:51  Infested SCV  
  19  1:57  Infested SCV  
  21  2:09  Overlord  
  21  2:43  Infested Command Center  
  21  2:51  Infested SCV  
  21  2:52  Infested SCV  
  21  2:57  Infested Barracks Tech Lab  
  23  3:27  Infested SCV  
  23  3:28  Infested SCV  
  25  3:43  Infested Marine x4  
  25  3:44  Infested Marine x2  
  25  3:49  Overlord x2  
  30  4:12  Anaerobic Enhancement  
  30  4:14  Infested SCV  
  30  4:19  Infested Refinery  
  31  4:26  Infested Engineering Bay  
  31  4:43  Infested Command Center  
  31  4:49  Infested SCV x4  
  35  5:05  Infested SCV  
  35  5:06  Infested Bunker  
  40  5:19  Infestation Level 2  
  40  5:29  Infested SCV x2  
  42  5:30  Infested SCV  
  42  5:33  Infested SCV  
  42  5:38  Infested SCV  
  40  5:40  Infested SCV  
  41  6:09  Infested Bunker  
  45  6:29  Retinal Augmentation  
  45  6:38  Infested SCV  
  45  6:39  Infested SCV x3  
  49  6:46  Infested Refinery  
  49  6:50  Infested SCV  
  49  6:52  Infested Refinery  
  49  6:56  Overlord  
  50  7:10  Stukov Infantry Weapons Level 1  
  50  7:19  Broodling Gestation  
  54  7:31  Infested Bunker  
  54  7:41  Infested SCV x3  
  57  7:55  Infested SCV  
  58  8:21  Infested Missile Turret  
  58  8:28  Infested Marine  
  58  8:29  Infested Marine x5  
  64  8:30  Infested Marine x6  
  70  9:03  Overlord  
  70  9:04  Overlord x5  
  70  9:05  Overlord  
  70  9:17  Infested Factory  
  70  9:31  Infested SCV  
  70  9:32  Infested SCV x3  
  74  9:49  Infested SCV  
  75  9:50  Stukov Infantry Armor Level 1  
  75  10:01  Infested Marine  
  75  10:02  Infested Marine x19  
  75  10:07  Infested SCV x4  
  99  10:25  Infested Armory  
  87  10:33  Overseer  
  87  10:34  Unknown  
  91  10:41  Infested Bunker  
  91  10:50  Infested Marine  
  91  10:51  Infested Marine x9  
  93  11:06  Infested Marine  
  93  11:07  Infested Marine x2  
  92  11:29  Infested Missile Turret  
  92  11:33  Overlord  
  92  11:34  Overlord x2, Aggressive Incubation  
  92  11:43  Overseer x4  
  92  11:44  Overseer  
  92  11:45  Overseer  
  92  11:47  Infestation Level 3  
  92  11:53  Plagued Munitions  
  88  12:02  Infested Bunker  
  88  12:30  Regenerative Plating  
  92  12:41  Infested Bunker  
  92  12:48  Infested Missile Turret  
  79  13:03  Infested Bunker  
  83  13:28  Infested Missile Turret  
  82  13:30  Stukov Infantry Weapons Level 2  
  83  13:40  Infested Marine  
  83  13:41  Infested Marine x16  
  83  13:42  Infested Marine  
  83  13:49  Infested Missile Turret, Infested Bunker  
  113  14:30  Infested Bunker  
  113  14:32  Infested Missile Turret  
  113  14:36  Infested Missile Turret  
  117  14:40  Infested Bunker  
  117  14:43  Infested Bunker  
  117  15:37  Infested Bunker  
  117  15:38  Infested Missile Turret  
  107  16:01  Infested Bunker  
  107  16:06  Infested Bunker  
  115  16:26  Infested Marine, Infested Missile Turret  
  115  16:27  Infested Marine x4  
  115  16:28  Infested Bunker  
  120  16:31  Overlord  
  120  16:32  Overlord  
  120  16:34  Overlord  
  120  16:39  Calcified Armor  
  120  16:47  Infested Diamondback  
  120  16:49  Infested Missile Turret  
  123  16:55  Infested Missile Turret  
  123  17:12  Infested Marine  
  123  17:13  Infested Marine x9  
  123  17:14  Infested Marine x10  
  123  17:17  Infested Missile Turret  
  143  17:20  Infested Marine  
  143  17:22  Infested Marine  
  145  17:39  Stukov Infantry Armor Level 2  
  145  18:07  Infested Bunker  
  149  18:19  Infested Bunker  
  148  18:24  Infested Bunker  
  152  18:37  Infested Diamondback  
  155  18:41  Infested Diamondback  
  158  18:54  Infested Missile Turret  
  158  19:06  Infested Missile Turret  
  140  19:30  Infested Bunker  
  140  19:33  Infested Bunker  
  144  19:57  Infested Bunker  
  148  20:09  Infested Bunker  
  152  20:41  Infested Marine  
  152  20:42  Infested Marine x6  
  152  20:43  Infested Marine x13  
  152  20:45  Infested Missile Turret  
  152  20:49  Stukov Infantry Weapons Level 3  
  170  22:07  Infested Diamondback  
  173  22:11  Overlord  
  173  22:12  Overlord x5  
  173  22:13  Overlord x4  
  155  22:51  Infested Diamondback x2  
  155  22:52  Infested Diamondback x3  
  170  23:13  Infested Marine x3  
  170  23:14  Infested Marine x17  
  151  24:44  Overlord x2  
  151  24:45  Overlord x5  
  151  24:46  Overlord x3  
  143  24:52  Overseer x4  
  143  24:53  Overseer x2  
  143  24:56  Infested Diamondback x3  
  143  24:57  Infested Diamondback x2  
  158  25:11  Infested Marine x2  
  158  25:12  Infested Marine x4  
  158  25:13  Infested Marine x4  
  158  25:14  Infested Marine x5  
  158  25:15  Infested Marine x4  
  158  25:16  Infested Marine  
  178  25:38  Infested Diamondback x2  
Show
View Real Time Build Order
Export as new Build Order

OmiliO Terran 

Build Orders:  

Get SALT Encoding   

  12  0:03  SCV  
  13  0:20  SCV  
  13  0:26  Refinery  
  14  0:37  SCV  
  15  0:54  SCV  
  15  0:58  Muscle Armory  
  16  1:11  SCV  
  17  1:28  SCV  
  18  1:45  SCV  
  19  1:52  Command Center  
  19  2:02  SCV  
  20  2:19  SCV  
  21  2:36  SCV  
  22  3:01  Tychus  
  22  3:02  Kev Rattlesnake West  
  22  3:08  SCV  
  33  3:13  Refinery  
  33  3:25  SCV  
  34  3:42  SCV  
  34  3:49  Command Center  
  35  3:50  Refinery  
  35  3:51  SCV  
  36  4:08  SCV  
  36  4:09  SCV  
  38  4:25  SCV x2  
  40  4:36  Refinery  
  40  4:42  SCV x2  
  42  4:59  SCV x2  
  44  5:16  SCV x2  
  46  5:33  SCV x2  
  48  5:49  SCV  
  48  5:52  SCV  
  50  6:06  SCV  
  50  6:07  Gunslingers Hideout  
  50  6:09  SCV  
  52  6:13  Fixers Safehouse  
  52  6:17  Medivac Platform  
  52  6:22  Medivac Platform  
  52  6:23  SCV  
  52  6:24  Medivac Platform  
  52  6:26  SCV  
  52  6:27  Engineering Bay  
  54  6:40  SCV  
  54  6:43  SCV  
  56  6:57  SCV  
  57  7:00  SCV  
  58  7:14  SCV  
  59  7:31  SCV  
  60  7:49  Engineering Bay  
  60  7:54  Engineering Bay  
  60  7:57  Engineering Bay  
  60  7:58  Engineering Bay  
  60  8:05  Engineering Bay  
  60  8:17  James Sirius Sykes  
  70  8:41  Engineering Bay  
  70  9:11  Outlaw Weapons Level 1, Outlaw Life and Armor Level 1, ITC-E Triggers  
  70  9:12  Endurance Supplements  
  70  9:50  KD9a Implosion Core  
  70  10:24  Kel-Morian Ripper Rounds, Vanadium Shell  
  60  11:13  Lt Layna Nikara  
  70  12:08  Outlaw Weapons Level 2  
  70  12:09  Outlaw Life and Armor Level 2  
  80  12:12  SA-55 Thunderbolt Missiles  
  80  14:49  D99 Detonator, Umojan Turret Frame, Moebius M34 Terror Rounds  
  80  14:53  Outlaw Weapons Level 3  
  80  14:54  Outlaw Life and Armor Level 3  
  80  15:30  SureShot Networked Helmet  
  80  17:34  Outlaw Weapons Level 4  
  80  17:35  Outlaw Life and Armor Level 4  
  80  17:39  Moebius Aggression Blend, Umojan Signal Modulator  
  80  17:40  Secret Stash Stimpack  
  70  20:13  Vega  
  90  20:31  Hammer Munitions  
  90  24:23  Flashforce GDM Visor  
  90  24:30  Procyon Serum, Umojan Repair Nanites, Procyon Twin Heal Beam Gauntlet  
  90  24:31  XM-77 Matrix Generator  
  90  24:33  Neural Disruption Device, Moebius Psionic Motivator  
Tags
 
Add a new tag
Caveats
  • Supply blocks, unpowered buildings, or Contaminate may cause inaccurate times.
  • Supply counts are checked every 10 seconds.